 Dungeon Crawl Stone Soup version 0.24.1-14-gf8d2b509d9 (webtiles) character file.

Game seed: 14386968948978114491, levelgen mode: deterministic

67 Jumperg the Shooter (level 3, -5/28 HPs)
             Began as a Centaur Arcane Marksman on June 19, 2020.
             Slain by a kobold
             ... wielding a +2 whip of electrocution
              (18 damage)
             ... on level 3 of the Dungeon.
             The game lasted 00:20:30 (2453 turns).

Jumperg the Shooter (Centaur Arcane Marksman)       Turns: 2453, Time: 00:20:30

Health: -5/28      AC:  4    Str: 12    XL:     3   Next: 98%
Magic:  5/5        EV:  9    Int: 12    God:
Gold:   96         SH:  0    Dex: 10    Spells: 4/5 levels left

rFire    . . .     SeeInvis .   b - +0 hand axe
rCold    . . .     Gourm    .   (no shield)
rNeg     . . .     Faith    .   e - +0 robe
rPois    .         Spirit   .   (no helmet)
rElec    .         Reflect  .   (no cloak)
rCorr    .         Harm     .   (no gloves)
MR       .....                  (no barding)
Stlth    +.........             (no amulet)
HPRegen  0.09/turn              (no ring)
MPRegen  0.09/turn              (no ring)

@: lethally poisoned (-5 -> -7), very quick
A: large, hooves 3, deformed body, speed 2, tough skin 3
a: no special abilities


You were on level 3 of the Dungeon.
You were not hungry.

You visited 1 branch of the dungeon, and saw 3 of its levels.

You collected 96 gold pieces.

Inventory:

Hand Weapons
 a - a +0 shortbow
 b - a +0 hand axe (weapon)
 j - a +0 hunting sling
 p - a +0 short sword of holy wrath
Missiles
 d - 17 arrows
 g - 11 sling bullets
 h - 103 stones (quivered)
Armour
 e - a +0 robe (worn)
Jewellery
 i - a cursed -2 ring of dexterity {unknown}
Wands
 n - a wand of digging (3)
Scrolls
 c - a scroll of magic mapping
 k - 2 scrolls of identify {unknown}
 m - a scroll of fog
 o - a scroll of amnesia
 r - a scroll of teleportation {unknown}
Potions
 l - a potion of invisibility {unknown}
 q - a potion of degeneration {unknown}
Comestibles
 f - 6 rations


   Skills:
 - Level 1.0 Fighting
 + Level 3.9 Bows
 - Level 1.3 Dodging
 + Level 1.8 Spellcasting
 + Level 3.3 Hexes


You had 4 spell levels left.
You knew the following spells:

 Your Spells              Type           Power        Failure   Level  Hunger
a - Corona                Hex            #......      7%          1    ##.....

Your spell library contained the following spells:

 Spells                   Type           Power        Failure   Level  Hunger
 Slow                     Hex            #.......     11%         2    ###....
 Inner Flame              Hex/Fire       #.......     38%         3    ####...
 Portal Projectile        Hex/Tloc       #.....       38%         3    ####...
 Cause Fear               Hex            #.........   56%         4    #####..
 Leda's Liquefaction      Hex/Erth       #.........   80%         4    #####..


Dungeon Overview and Level Annotations

Branches:
Dungeon (3/15)

Altars:

Annotations:
D:2 Sigmund


Innate Abilities, Weirdness & Mutations

You have hooves in place of feet.
Armour fits poorly on your strangely shaped body.
You cover ground very quickly.
You have extremely tough skin. (AC +3)


Message History

Press: ? - help, v - describe, . - travel
Here: a kobold, wielding a +2 whip of electrocution The floor.
Unknown command.
You feel sick.
You feel sick.
The kobold hits you with a +2 whip of electrocution.
You hit the kobold.
The kobold is moderately wounded.
You feel sick.
The kobold hits you with a +2 whip of electrocution.
You barely miss the kobold.
The kobold is moderately wounded.
The kobold barely misses you.
You closely miss the kobold.
The kobold is moderately wounded.
The kobold barely misses you. The kobold hits you but does no damage.
You are electrocuted!!
Ouch! That really hurt!
You die...

#.............
#.############ #.# ###
#.#### #.###....# .
#.....##.# ..
#.##.....######K..
#######.##..^...........
#......@##..............
#.......K'.>....(...$...
..####.###.............#
#. #.............# #.
###...........# #.
#...........# .)
#######+##### .# .


You could see a kobold.

Vanquished Creatures
  3 adders (D:2)
  2 dart slugs
  3 bats
  11 goblins
  5 hobgoblins
  5 kobolds
  A quokka (D:2)
  A frilled lizard (D:1)
  3 rats
34 creatures vanquished.

Notes
Turn   | Place    | Note
-------+----------+-------------------------------------------
     0 | D:1      | Jumperg the Centaur Arcane Marksman began the quest for the
                  | Orb.
     0 | D:1      | Reached XP level 1. HP: 16/16 MP: 2/2
   364 | D:1      | Reached XP level 2. HP: 23/23 MP: 3/3
   824 | D:1      | You fall into a shaft and drop 1 floor!
   824 | D:2      | Noticed Sigmund
  1556 | D:2      | Reached XP level 3. HP: 28/28 MP: 3/5
  2453 | D:3      | Slain by a kobold

Levels and vault maps discovered:
D:1:      dpeg_arrival_orchard, layout_loops_corners
D:2:      kennysheep_the_goblin_king, layout_basic, uniq_sigmund
D:3:      layout_basic, nicolae_overflow_crystal_walls

Skill      XL: |  1  2 |
---------------+-------+-----
Bows           | 3 |  3.9
Hexes          | 3 |  3.3
Fighting       | |  1.0
Dodging        | |  1.3
Spellcasting   | |  1.8

Action                   || total
-------------------------++-------
Melee: Whip              ||    39
       Kick              ||    12
       Hand axe          ||    42
 Fire: Shortbow          ||    26
Throw: Stone             ||    24
 Cast: Corona            ||     6
  Use: Scroll            ||     4
       Potion            ||     1
  Eat: Chunk             ||     3
Armor: Robe              ||    84
Dodge: Dodged            ||   113
